 Dungeon Crawl Stone Soup version 0.24.0-123-gd5b16e6ec5 (webtiles) character file.

Game seed: 7689599559503764801, levelgen mode: deterministic

144 Elellon the Chopper (level 5, 0/46 HPs)
             Began as a Hill Orc Fighter on Dec 31, 2019.
             Killed from afar by an orc wizard (11 damage)
             ... with a puff of flame
             ... on level 3 of the Dungeon.
             The game lasted 00:07:02 (1967 turns).

Elellon the Chopper (Hill Orc Fighter)              Turns: 1967, Time: 00:07:03

Health: 0/46       AC:  7    Str: 20    XL:     5   Next: 27%
Magic:  5/5        EV:  7    Int:  8    God:
Gold:   61         SH:  9    Dex: 10    Spells: 4/4 levels left

rFire    . . .     SeeInvis .   a - +0 war axe
rCold    . . .     Gourm    .   c - +0 shield
rNeg     . . .     Faith    .   b - +0 scale mail
rPois    .         Spirit   .   (no helmet)
rElec    .         Reflect  .   (no cloak)
rCorr    .         Harm     .   (no gloves)
MR       .....                  (no boots)
Stlth    ..........             (no amulet)
HPRegen  0.15/turn              (no ring)
MPRegen  0.09/turn              (no ring)

@: no status effects
A: no striking features
a: no special abilities


You were on level 3 of the Dungeon.
You were not hungry.

You visited 1 branch of the dungeon, and saw 3 of its levels.

You collected 61 gold pieces.

Inventory:

Hand Weapons
 a - a +0 war axe (weapon)
Armour
 b - a +0 scale mail (worn)
 c - a +0 shield (worn)
Jewellery
 k - an uncursed amulet of the acrobat {unknown}
Scrolls
 e - a scroll of remove curse {unknown}
 i - a scroll of noise {unknown}
 n - a scroll of blinking {unknown}
 o - a scroll of identify {unknown}
 p - a scroll of magic mapping {unknown}
Potions
 d - a potion of might
 g - 2 potions of heal wounds {unknown}
 h - a potion of degeneration {unknown}
 j - 3 potions of flight {unknown}
 m - a potion of magic {unknown}
Comestibles
 f - 2 rations


   Skills:
 + Level 4.1 Fighting
 * Level 5.6 Axes
 + Level 3.7 Armour
 + Level 0.7 Dodging
 + Level 3.8 Shields


You had 4 spell levels left.
You didn't know any spells.
Your spell library was empty.

Dungeon Overview and Level Annotations

Branches:
Dungeon (3/15)

Altars:


Message History

You bump into the rock wall.
The goblin barely misses you. Something completely misses you.
You bump into the rock wall.
The goblin closely misses you. Something hits you.
You bump into the rock wall.
The goblin barely misses you.
You hear some strange, mumbled words.
Something tries to affect you, but you resist.
You're too confused to move!
The goblin hits you but does no damage. Something hits you but does no damage.
The goblin hits you but does no damage. Something hits you.
You bump into the rock wall.
The goblin hits you from afar with a +0 spear.
Something hits you but does no damage.
You bump into the rock wall.
You feel less confused.
The goblin hits you from afar with a +0 spear.
* * * LOW HITPOINT WARNING * * *
You hear some strange, mumbled words.
A puff of flame appears from out of thin air!
The puff of flame hits you!
You die...

.# ####### .#
#.....# .#
#.....########
.#
#.......(..@.#
.#
#...[.######{#
.# #..<..#
###g##.#.###.
###.###
#..{.)g.....#
#.#
#.####.####.#
#.# #.# ...
... #.# #.#
#####.# #.#
#.# #.# #.#
#.# #g#


You could see a goblin.

Vanquished Creatures
  An orc priest (D:3)
  Robin (D:2)
  An adder (D:3)
  4 worms (D:2)
  4 leopard geckos
  2 orcs (D:3)
  3 giant cockroaches
  15 goblins
  9 hobgoblins
  4 jackals (D:2)
  8 kobolds
  A quokka (D:2)
  A ball python (D:1)
  7 bats
  7 frilled lizards (D:2)
  8 rats
76 creatures vanquished.

Notes
Turn   | Place    | Note
-------+----------+-------------------------------------------
     0 | D:1      | Elellon the Hill Orc Fighter began the quest for the Orb.
     0 | D:1      | Reached XP level 1. HP: 19/19 MP: 1/1
    52 | D:1      | Reached skill level 3 in Axes
    80 | D:1      | Reached XP level 2. HP: 25/27 MP: 2/2
   274 | D:1      | Reached XP level 3. HP: 28/33 MP: 3/3
   430 | D:1      | Reached skill level 4 in Axes
   994 | D:2      | Reached XP level 4. HP: 33/40 MP: 4/4
  1527 | D:3      | Noticed Robin
  1669 | D:3      | Reached skill level 5 in Axes
  1669 | D:3      | Reached XP level 5. HP: 27/46 MP: 5/5
  1841 | D:2      | Killed Robin
  1967 | D:3      | Killed from afar by an orc wizard

Levels and vault maps discovered:
D:1:      minmay_arrival_up_and_down, layout_basic
D:2:      layout_basic, minmay_lizard_pond
D:3:      layout_loops_ring, xom_butterflies, minmay_quadrilaterals,
          uniq_sigmund, uniq_robin

Skill      XL: |  1  2  3  4 |
---------------+-------------+-----
Axes           | 3 4 5 |  5.6
Fighting       | 4 |  4.1
Armour         | |  3.7
Dodging        | |  0.7
Shields        | |  3.8

Action                   |  1- 3 |  4- 6 || total
-------------------------+-------+-------++-------
Melee: War axe           |   134 |   113 ||   247
  Eat: Chunk             |     1 |     3 ||     4
Armor: Scale mail        |    56 |    64 ||   120
Dodge: Dodged            |    52 |    37 ||    89
Block: Shield            |    79 |    56 ||   135
